 Dungeon Crawl Stone Soup version 0.30.0-10-gfe55d96785 (webtiles) character file.

Game seed: 17997534456638842341

453 GigaChad the Shield-Bearer (level 7, -5/55 HPs)
             Began as a Formicid Fighter on May 16, 2023.
             Was an Initiate of Okawaru.
             Succumbed to a gnoll's poison
             ... on level 5 of the Dungeon.
             The game lasted 00:04:56 (2986 turns).

GigaChad the Shield-Bearer (Formicid Fighter)       Turns: 2986, Time: 00:04:56

Health: -5/55      AC: 10    Str: 23    XL:     7   Next: 26%
Magic:  7/7        EV:  7    Int:  7    God:    Okawaru [......]
Gold:   174        SH: 10    Dex: 13    Spells: 6/6 levels left

rFire   . . .        a - +1 war axe
rCold   . . .        t - +1 kite shield
rNeg    . . .        w - +0 chain mail
rPois   .            (helmet unavailable)
rElec   .            j - +0 cloak
rCorr   .            (no gloves)
SInv    +            (no boots)
Will    .....        (no amulet) Stlth
                     (no ring)
HPRegen 0.29/turn    (no ring)
MPRegen 0.10/turn

%: no passive effects
@: lethally poisoned (-5 -> -36)
A: permanent stasis, dig shafts and tunnels, antennae 3, four strong arms
a: Dig, Shaft Self, Renounce Religion


You were on level 5 of the Dungeon.
You worshipped Okawaru.
Okawaru was noncommittal.
You visited 1 branch of the dungeon, and saw 5 of its levels.

You collected 174 gold pieces.

Inventory:

Hand Weapons
 a - a +1 war axe (weapon)
Missiles
 z - a throwing net
Armour
 b - a +0 scale mail
 c - a +0 buckler
 j - a +0 cloak (worn)
 q - a +3 scale mail
 t - a +1 kite shield (worn)
 w - a +0 chain mail (worn)
Jewellery
 h - a ring of protection from cold
 A - an amulet of reflection
Wands
 s - a wand of iceblast (11)
Scrolls
 f - a scroll of silence
 r - a scroll of fear
 v - 2 scrolls of teleportation
Potions
 d - a potion of might
 g - 2 potions of berserk rage {unknown}
 i - a potion of attraction
 k - a potion of degeneration
 l - a potion of invisibility {unknown}
 m - a potion of cancellation {unknown}
 n - 3 potions of curing {unknown}
 o - a potion of heal wounds {unknown}
 p - a potion of flight {unknown}
 u - 3 potions of lignification {unknown}


   Skills:
 * Level 4.4 Fighting
 * Level 5.2 Axes
 * Level 4.7 Armour
 * Level 5.7 Shields


You had 6 spell levels left.
You didn't know any spells.
Your spell library contained the following spells:

 Spells                   Type           Power      Damage    Failure   Level
 Magic Dart               Conj           0%         1d3       99%         1
 Searing Ray              Conj           0%         2d4       100%        2
 Fulminant Prism          Conj/Hex       0%         3d5       100%        4


Dungeon Overview and Level Annotations

Branches:
Dungeon (5/15)
 Temple: D:4-7

Altars:
Cheibriados
Dithmenos
Elyvilon
Fedhas
Okawaru
Ru
Sif Muna
Xom

Annotations:
D:3 2 transporters, Palms's ghost, amateur NaFi


Innate Abilities, Weirdness & Mutations

You cannot be hasted, slowed, berserked, paralysed or teleported.
You can dig through walls and to a lower floor.
You have a pair of large antennae on your head. (SInv)
Your four strong arms can wield two-handed weapons with a shield.


Message History

You feel very sick.
The iguana bites you but does no damage.
A gnoll comes into view. It is wielding a +0 whip.
You block the gnoll's attack. The gnoll hits you but does no damage.
You are more poisoned.
The gnoll hits you but does no damage.
The gnoll hits you with a +1 halberd of venom.
You are lethally poisoned!
You block the iguana's attack.
The gnoll bouda gazes fiercely through you!
You feel your attacks grow feeble.
You barely miss the gnoll.
The gnoll is heavily wounded.
You barely miss the iguana. You barely miss the gnoll.
You barely miss the gnoll bouda.
You feel extremely sick. The iguana bites you.
* * * LOW HITPOINT WARNING * * *
The gnoll hits you with a +0 whip.
* * * LOW HITPOINT WARNING * * *
You block the gnoll's attack. The gnoll bouda barely misses you.
You hit the gnoll.
The gnoll is almost dead.
You slash the gnoll! You hit the iguana. You hit the gnoll.
You slash the gnoll bouda!
* * * LOW HITPOINT WARNING * * *
You feel extremely sick. You block the gnoll's attack.
You block the iguana's attack. The gnoll hits you but does no damage.
The gnoll hits you with a +1 halberd of venom.
* * * LOW HITPOINT WARNING * * *
You are more poisoned.
The gnoll bouda calls upon its god to heal the gnoll.
The gnoll is healed somewhat.
You hit the gnoll but do no damage.
The gnoll is almost dead.
You barely miss the gnoll. You slash the gnoll bouda!
You closely miss the gnoll. You hit the iguana.
Your attacks no longer feel as feeble.
You die...

.#.......<.....#####
...........####.....#
..................#.###
..........#######.....##
..........#########.....
.............##....)....
..........##.##.########
....=.gg..##.#..#
.....gl@.###...##
..#...gg## #..## ###g###
#..# #.$ #..# # #. #.##
# #. #..###### ## #
#.......####. {
#.#####..>... { #.#
#.......#


You could see a gnoll bouda, an iguana and 5 gnolls.

Vanquished Creatures
  A scorpion (D:5)
  3 orc priests
  2 hounds
  A jelly (D:5)
  2 iguanas
  2 orc wizards (D:5)
  2 adders
  A worm (D:4)
  4 dart slugs
  11 orcs
  8 ball pythons
  5 endoplasms
  2 giant cockroaches (D:4)
  7 goblins
  8 hobgoblins
  5 jackals (D:2)
  5 kobolds
  5 quokkas
  5 bats
  2 frilled lizards
  3 rats
84 creatures vanquished.

Notes
Turn   | Place    | Note
-------+----------+-------------------------------------------
     0 | D:1      | GigaChad the Formicid Fighter began the quest for the Orb.
     0 | D:1      | Reached XP level 1. HP: 18/18 MP: 1/1
   113 | D:1      | Reached XP level 2. HP: 24/24 MP: 2/2
   274 | D:1      | Found a faded altar of an unknown god.
   299 | D:1      | Reached XP level 3. HP: 25/29 MP: 3/3
   785 | D:2      | Found Igizoinn's Antique Weapon Shoppe.
  1114 | D:3      | Reached XP level 4. HP: 34/37 MP: 4/4
  1174 | D:3      | Found a white marble altar of Elyvilon.
  1298 | D:3      | You fall into a shaft and drop 2 floors!
  1298 | D:5      | Entered Level 5 of the Dungeon
  1333 | D:5      | Noticed a scorpion
  1336 | D:5      | Reached XP level 5. HP: 37/42 MP: 5/5
  1342 | D:5      | Reached skill level 5 in Shields
  1585 | D:3      | Found a transporter.
  1589 | D:3      | Noticed Palms's ghost (amateur NaFi)
  1604 | D:3      | Found a transporter.
  1677 | D:3      | Reached XP level 6. HP: 48/48 MP: 6/6
  1712 | D:3      | Found a blossoming altar of Fedhas.
  1936 | D:4      | Found a snail-covered altar of Cheibriados.
  1949 | D:4      | Found a shadowy altar of Dithmenos.
  1949 | D:4      | Found an iron altar of Okawaru.
  1955 | D:4      | Became a worshipper of Warmaster Okawaru
  2045 | D:4      | Found a shimmering blue altar of Sif Muna.
  2380 | D:4      | Found a sacrificial altar of Ru.
  2556 | D:5      | Found a shimmering altar of Xom.
  2570 | D:5      | Reached XP level 7. HP: 54/54 MP: 7/7
  2579 | D:5      | Reached skill level 5 in Axes
  2695 | D:5      | HP: 1/55 [orc wizard/+2 dagger of speed (4)]
  2986 | D:5      | Succumbed to a gnoll's poison

Illustrated notes

Levels and vault maps discovered:
D:1:      ebering_trefoil_3fold, layout_basic, dreamdust_ecumenical_altar_grove
D:2:      layout_loops_cross, serial_shops, shop, minmay_misc_feat_room,
          hex_medium
D:3:      layout_rooms, general_overflow_altar, mainiacjoe_overflow_alcove_2,
          gammafunk_ghost_stat_death
D:4:      layout_basic, led_sif_book, gammafunk_temple_overflow_forgotten,
          nicolae_ru_path_of_blood
D:5:      layout_rooms, nicolae_overflow_crystal_walls

Skill      XL: |  1  2  3  4  5  6  7 |
---------------+----------------------+-----
Axes           | 3 4 5 |  5.2
Armour         | 4 |  4.7
Fighting       | 4 |  4.4
Shields        | 5 |  5.7

Action                     |  1- 3 |  4- 6 |  7- 9 || total
---------------------------+-------+-------+-------++-------
  Melee: War axe           |    89 |   110 |    27 ||   226
Ability: Dig               |     3 |       |       ||     3
    Use: Scroll            |     5 |     4 |     3 ||    12
 Armour: Scale mail        |    47 |     3 |       ||    50
         Chain mail        |       |    48 |    19 ||    67
  Dodge: Dodged            |    48 |    29 |    10 ||    87
  Block: Buckler           |    20 |       |       ||    20
         Kite shield       |       |    66 |    20 ||    86
